 Dungeon Crawl Stone Soup version 0.30.1-9-gdf580d7c3d (webtiles) character file.

Game seed: 15740742330290130954

2274 booth the Cleaver (level 9, -1/79 HPs)
             Began as a Hill Orc Monk on Sept 29, 2023.
             Was a Priest of Beogh.
             Slain by Prince Ribbit (14 damage)
             ... on level 6 of the Dungeon.
             The game lasted 00:32:26 (7645 turns).

booth the Cleaver (Hill Orc Monk)                   Turns: 7645, Time: 00:32:27

Health: -1/79      AC:  8    Str: 20    XL:     9   Next: 39%
Magic:  14/14      EV: 12    Int: 12    God:    Beogh [***...]
Gold:   173        SH:  0    Dex: 13    Spells: 8/8 levels left

rFire   . . .        x - +1 hand axe (heavy)
rCold   . . .        d - orb {light}
rNeg    . . .        t - +0 ring mail of Impatience {rElec Str+2 Int+2}
rPois   .            h - +1 helmet
rElec   +            (no cloak)
rCorr   .            p - +0 pair of gloves
SInv    .            (no boots)
Will    +....        a - amulet of the acrobat
Stlth   +            r - ring of willpower
HPRegen 0.33/turn    (no ring)
MPRegen 0.14/turn

%: acrobat
@: glowing
A: no striking features
a: Renounce Religion, Smiting


You were on level 6 of the Dungeon.
You worshipped Beogh.
Beogh was most pleased with you.
You visited 1 branch of the dungeon, and saw 6 of its levels.

You collected 173 gold pieces.

Inventory:

Hand Weapons
 n - a +2 flail of protection
 q - a +3 mace
 x - a +1 heavy hand axe (weapon)
Missiles
 e - 12 poisoned darts (quivered)
 i - a throwing net
 y - a boomerang
Armour
 d - an orb of light (worn)
 h - a +1 helmet (worn)
 j - a +0 leather armour
 p - a +0 pair of gloves (worn)
 t - the +0 ring mail of Impatience (worn) {rElec Str+2 Int+2}
   (You found it on level 4 of the Dungeon)

   Str:       It affects your strength (+2).
   Int:       It affects your intelligence (+2).
   rElec:     It insulates you from electricity.
Jewellery
 a - an amulet of the acrobat (around neck)
 r - a ring of willpower (left hand)
Wands
 g - a wand of light (6)
 o - a wand of iceblast (17)
 v - a wand of charming (5)
Scrolls
 k - 2 scrolls of fog
 m - a scroll of amnesia
 u - a scroll of magic mapping {unknown}
 w - a scroll of teleportation
Potions
 b - a potion of mutation
 c - a potion of ambrosia
 f - 8 potions of curing
 s - a potion of flight


   Skills:
 + Level 7.4 Fighting
 * Level 10.8 Axes
 + Level 5.2 Dodging
 + Level 7.0 Invocations


You had 8 spell levels left.
You didn't know any spells.
Your spell library contained the following spells:

 Spells                   Type           Power      Damage    Failure   Level
 Kiss of Death            Conj/Necr      0%         2d5       50%         1
 Static Discharge         Conj/Air       0%         2-2/arc   65%         2
 Sublimation of Blood     Necr           0%         N/A       65%         2
 Wereblood                Tmut           0%         N/A       65%         2
 Confusing Touch          Hex            0%         N/A       86%         3
 Airstrike                Air            0%         2d(0-16)  99%         4
 Dispel Undead            Necr           0%         3d6       99%         4
 Summon Lightning Spire   Summ/Air       0%         N/A       99%         4
 Summon Hydra             Summ           0%         N/A       100%        7


Dungeon Overview and Level Annotations

Branches:
Dungeon (6/15)             Temple (0/1) D:5

Altars:
Cheibriados
Dithmenos
Elyvilon
Fedhas
Gozag
Hepliaklqana
Kikubaaqudgha
Uskayaw
Yredelemnul
Zin

Annotations:
D:4 3 runed translucent doors, turdburglar's ghost, amateur DsVM
D:6 Prince Ribbit


Message History

You hit the phantom.
The phantom is moderately damaged.
You slash the wight!
You destroy the wight!
Beogh accepts your kill.
You feel sick.
The wight hits you from afar with a +0 halberd!
The phantom closely misses you.
You hit the phantom.
The phantom is moderately damaged.
You feel sick.
You are no longer poisoned.
The wight closely misses you. The phantom hits you.
A sky beast comes into view.
Prince Ribbit hits you.
* * * LOW HITPOINT WARNING * * *
You closely miss Prince Ribbit. You slash the phantom!
Prince Ribbit hits you but does no damage.
The wight closely misses you.
The phantom hits you but does no damage.
Prince Ribbit closely misses you.
You closely miss Prince Ribbit. You slash the phantom!
You destroy the phantom!
Beogh accepts your kill. The wight closely misses you. Prince Ribbit hits you!
* * * LOW HITPOINT WARNING * * *
The wight misses you.
Your life force feels restored.
Your Invocations skill increases to level 7!
You feel much better. Prince Ribbit hits you. Prince Ribbit hits you!
The wight misses you.
You barely miss Prince Ribbit. Prince Ribbit barely misses you.
The wight barely misses you.
You hit Prince Ribbit.
Prince Ribbit is lightly wounded.
Prince Ribbit closely misses you.
The wight hits you from afar with a +0 halberd!
* * * LOW HITPOINT WARNING * * *
Prince Ribbit hits you!
You die...

#......# #......#
#......#
#......###########
#.................
#.................
#.................
#F)...............
#@Yz..()(.........
#######'#......###
.#......#
.#......#..
.+......#..
##......#..
.........#..
.........#..
.........#..


You could see Prince Ribbit, a sky beast and a wight.

Vanquished Creatures
  Grinder (D:3)
  Sigmund (D:3)
  Menkaure (D:5)
  Edmund (D:6)
  An ogre (D:5)
  2 black bears
  A centaur (D:6)
  2 phantoms
  3 scorpions
  4 wights (D:6)
  2 hounds
  A gnoll bouda (D:6)
  An orc priest (D:3)
  2 sleepcaps (D:6)
  An iron imp (D:5)
  Jessica (D:3)
  Ijyb (D:3)
  Natasha (thrice) (D:3)
  3 iguanas
  4 orc wizards
  Robin (D:2)
  11 gnolls
  9 adders
  3 ufetubi
  A worm (D:2)
  2 dart slugs
  16 orcs
  10 ball pythons
  4 endoplasms
  3 giant cockroaches
  9 hobgoblins
  6 jackals
  3 quokkas
  5 bats
  A frilled lizard (D:3)
  13 goblins
  5 kobolds
  11 rats
149 creatures vanquished.

Vanquished Creatures (others)
  An orc priest (D:3)
  2 gnolls (D:3)
  4 orcs (D:3)
  A quokka (D:5)
8 creatures vanquished.

Grand Total: 157 creatures vanquished

Notes
Turn   | Place    | Note
-------+----------+-------------------------------------------
     0 | D:1      | booth the Hill Orc Monk began the quest for the Orb.
     0 | D:1      | Reached XP level 1. HP: 19/19 MP: 1/1
   183 | D:1      | Reached XP level 2. HP: 13/27 MP: 2/2
   342 | D:1      | Reached skill level 1 in Invocations
   882 | D:2      | Reached XP level 3. HP: 31/33 MP: 3/3
   996 | D:2      | Found an ancient bone altar of Kikubaaqudgha.
  1198 | D:2      | Identified the staff of death "Haik" {rC++ rN+ Str+3 Dex-5}
  1219 | D:2      | Noticed Robin
  1246 | D:2      | Killed Robin
  1257 | D:2      | Reached skill level 5 in Axes
  1368 | D:2      | Reached XP level 4. HP: 40/40 MP: 5/5
  1893 | D:2      | Found a faded altar of an unknown god.
  2291 | D:3      | Became a worshipper of Beogh the Brigand
  2291 | D:3      | Reached * piety under Beogh
  2291 | D:3      | Reached ** piety under Beogh
  2651 | D:3      | Noticed Natasha
  2657 | D:3      | Killed Natasha
  2808 | D:3      | Reached XP level 5. HP: 42/47 MP: 6/6
  2877 | D:3      | Noticed Ijyb
  2879 | D:3      | Noticed Sigmund
  2883 | D:3      | Noticed Natasha
  2895 | D:3      | Killed Sigmund
  2896 | D:3      | Reached skill level 6 in Axes
  2896 | D:3      | Reached XP level 6. HP: 45/55 MP: 6/8
  2899 | D:3      | Killed Ijyb
  2918 | D:3      | Killed Natasha
  2919 | D:3      | Reached skill level 5 in Fighting
  2957 | D:3      | Noticed Natasha
  3333 | D:3      | Found a blossoming altar of Fedhas.
  3567 | D:3      | Found a basalt altar of Yredelemnul.
  3594 | D:3      | Found a hazy altar of Hepliaklqana.
  3610 | D:3      | Noticed Grinder
  3610 | D:3      | Paralysed by Grinder for 5 turns
  3632 | D:3      | Killed Grinder
  3633 | D:3      | Reached skill level 7 in Axes
  3633 | D:3      | Reached XP level 7. HP: 36/61 MP: 8/10
  3927 | D:3      | Noticed Jessica
  4092 | D:3      | Killed Natasha
  4095 | D:3      | Killed Jessica
  4298 | D:3      | Found a glowing silver altar of Zin.
  4457 | D:4      | Reached skill level 8 in Axes
  4494 | D:4      | Found a runed translucent gate.
  4494 | D:4      | Found a runed translucent gate.
  4502 | D:4      | Found a runed translucent gate.
  4503 | D:4      | Noticed turdburglar's ghost (amateur DsVM)
  4958 | D:4      | Found a hide-covered altar of Uskayaw.
  4980 | D:4      | Reached XP level 8. HP: 58/70 MP: 11/11
  5047 | D:4      | Identified the +0 ring mail of Impatience {rElec Str+2
                  | Int+2}
  5603 | D:5      | Entered Level 5 of the Dungeon
  5603 | D:5      | Found a staircase to the Ecumenical Temple.
  5617 | D:5      | Reached skill level 5 in Invocations
  6159 | D:5      | Reached skill level 9 in Axes
  6258 | D:5      | Found an opulent altar of Gozag.
  6342 | D:5      | Found a white marble altar of Elyvilon.
  6426 | D:5      | Noticed Menkaure
  6441 | D:5      | Killed Menkaure
  6683 | D:5      | Found a shadowy altar of Dithmenos.
  6793 | D:5      | Found a snail-covered altar of Cheibriados.
  6890 | D:5      | Reached *** piety under Beogh
  7249 | D:6      | Reached skill level 10 in Axes
  7249 | D:6      | Reached XP level 9. HP: 16/78 MP: 13/13
  7609 | D:6      | Reached skill level 5 in Dodging
  7610 | D:6      | Noticed Edmund
  7625 | D:6      | Killed Edmund
  7627 | D:6      | Noticed Prince Ribbit
  7645 | D:6      | Slain by Prince Ribbit

Illustrated notes

Levels and vault maps discovered:
D:1:      evilmike_arrival_hilbert_curve, layout_loops_ring
D:2:      layout_basic, basic_altar, serial_forest, infiniplex_forest_lined_1,
          infiniplex_forest_clump_curved, infiniplex_forest_clump_diagonal,
          infiniplex_forest_lined_room_2, infiniplex_forest_clump_medium,
          infiniplex_forest_lined_3, infiniplex_forest_lined_room_,
          infiniplex_forest_straight_2, infiniplex_forest_lined_corner,
          shapermc_ecumenical_altar_ellora, uniq_robin
D:3:      layout_basic, zin_scriptorium, yredelemnul_altar_generic,
          fedhas_altar_3, mainiacjoe_overflow_24_doors, uniq_sigmund,
          uniq_jessica, uniq_natasha, uniq_grinder, uniq_ijyb
D:4:      minmay_door_path, layout_loops_ring, nicolae_uskayaw_dance_hall,
          gammafunk_ghost_nasty_kobolds
D:5:      layout_loops_ring, elyvilon_altar_4, slow_altar_2,
          grunt_gozag_statues, kennysheep_mini_moat,
          minmay_temple_entry_statues_pillars, uniq_menkaure
D:6:      layout_gridville, uniq_maggie, uniq_prince_ribbit1, uniq_edmund

Skill      XL: |  1  2  3  4  5  6  7  8  9 |
---------------+----------------------------+-----
Invocations    | 1 2 3 4 6 7 |  7.0
Fighting       | 4 5 6 7 |  7.4
Axes           | 5 6 7 8 10 | 10.8
Dodging        | 3 4 5 |  5.2

Action                     |  1- 3 |  4- 6 |  7- 9 || total
---------------------------+-------+-------+-------++-------
  Melee: Hand axe          |   100 |   142 |   162 ||   404
         Mace              |       |    17 |    93 ||   110
  Throw: Dart              |       |     5 |     8 ||    13
 Invoke: Smiting           |       |     2 |     1 ||     3
         Convert to Beogh  |       |     1 |       ||     1
    Use: Scroll            |     3 |     5 |     6 ||    14
         Potion            |     1 |     2 |     3 ||     6
 Armour: Robe              |    25 |       |       ||    25
         Leather armour    |       |    30 |    13 ||    43
         Ring mail         |       |       |    64 ||    64
  Dodge: Dodged            |    59 |   104 |   192 ||   355
